| TOP OF THE 1ST |
|
Reno Silver Sox batting - Pitching for Stockton Ports : LHP Michael Brecht
|
|
Pitching: LHP Michael Brecht
|
|
|
Batting: RHB Eddie Brunson
|
0-0: Foul Ball, location: 2F 0-1: Ground out 6-3 (Groundball, 6, EV 78.1 MPH)
|
|
Batting: RHB Rod Hobbs
|
0-0: Swinging Strike 0-1: Ball 1-1: Swinging Strike 1-2: Ball 2-2: Ball 3-2: Foul Ball, location: 2F 3-2: Ground out 5-3 (Groundball, 56S, EV 82.5 MPH)
|
|
Batting: LHB Victor Diaz
|
0-0: Ball 1-0: Swinging Strike 1-1: Fly out, F8 (Flyball, 8LXD, EV 98.1 MPH)
|
| Top of the 1st over - 0 runs, 0 hits, 0 errors, 0 left on base; Reno 0 - Stockton 0 |
| BOTTOM OF THE 1ST |
|
Stockton Ports batting - Pitching for Reno Silver Sox : RHP Scot Ender
|
|
Pitching: RHP Scot Ender
|
|
|
Batting: RHB Ramon Valdez
|
0-0: Ball 1-0: Called Strike 1-1: DOUBLE (Line Drive, 7LM, EV 107.5 MPH)
|
|
Batting: LHB Daniel Hoskins
|
0-0: Ball Ramon Valdez is caught stealing 3rd base 2-5 1-0: Fly out, F8 (Flyball, 8RM, EV 94.4 MPH)
|
|
Batting: RHB Pasquale Raimondo
|
0-0: Ball 1-0: Ball 2-0: Ball 3-0: Called Strike 3-1: Ground out 6-3 (Groundball, 6, EV 88.1 MPH)
|
| Bottom of the 1st over - 0 runs, 1 hit, 0 errors, 0 left on base; Reno 0 - Stockton 0 |
| TOP OF THE 2ND |
|
Reno Silver Sox batting - Pitching for Stockton Ports : LHP Michael Brecht
|
|
Batting: LHB Mike Hocutt
|
0-0: Ground out 6-3 (Groundball, 6, EV 100.6 MPH)
|
|
Batting: RHB Bill Crone
|
0-0: Ball 1-0: Fly out, F4 (Flyball, 4MD, EV 86.3 MPH)
|
|
Batting: LHB Kevin Rigby
|
0-0: Fly out, F7 (Flyball, 7, EV 85.6 MPH)
|
| Top of the 2nd over - 0 runs, 0 hits, 0 errors, 0 left on base; Reno 0 - Stockton 0 |
| BOTTOM OF THE 2ND |
|
Stockton Ports batting - Pitching for Reno Silver Sox : RHP Scot Ender
|
|
Batting: SHB Tracy Edwards
|
0-0: Ball 1-0: Called Strike 1-1: Ball 2-1: Ball 3-1: Base on Balls
|
|
Batting: RHB Johnny Salery
|
0-0: Called Strike 0-1: Ball 1-1: Ball 2-1: Ball 3-1: Fielders Choice at 2nd, 6-4 (Groundball, 6M, EV 89.4 MPH)
|
|
Batting: SHB Jose Mercado
|
0-0: Ball Johnny Salery steals 2nd base (no throw) 1-0: Ball Johnny Salery is caught stealing 3rd base 2-5 2-0: Fly out, F8 (Flyball, 78D, EV 102.5 MPH)
|
| Bottom of the 2nd over - 0 runs, 0 hits, 0 errors, 0 left on base; Reno 0 - Stockton 0 |
| TOP OF THE 3RD |
|
Reno Silver Sox batting - Pitching for Stockton Ports : LHP Michael Brecht
|
|
Batting: RHB Luis Cabanas
|
0-0: Ball 1-0: Ground out 5-3 (Groundball, 56, EV 85.0 MPH)
|
|
Batting: LHB Andrew Timko
|
0-0: Foul Ball, location: 2F 0-1: Fly out, F7 (Flyball, 7LS, EV 76.3 MPH)
|
|
Batting: LHB Gregory Shirley
|
0-0: Foul Ball, location: 2F 0-1: Fly out, F8 (Flyball, 89D, EV 103.1 MPH)
|
| Top of the 3rd over - 0 runs, 0 hits, 0 errors, 0 left on base; Reno 0 - Stockton 0 |
| BOTTOM OF THE 3RD |
|
Stockton Ports batting - Pitching for Reno Silver Sox : RHP Scot Ender
|
|
Batting: RHB Steven Roeder
|
0-0: Ball 1-0: Foul Ball, location: 2F 1-1: SINGLE (Line Drive, 6M, EV 96.3 MPH)
|
|
Batting: RHB Timothy Presko
|
0-0: Called Strike 0-1: Foul Ball, location: 2F 0-2: Ball 1-2: Grounds into double play, 4-6-3 (Groundball, 4, EV 103.8 MPH)
|
|
Batting: SHB Mike Hennessy
|
0-0: Ball 1-0: Called Strike 1-1: Ball 2-1: Swinging Strike 2-2: Foul Ball, location: 2F 2-2: Fly out, F9 (Flyball, 9D, EV 85.6 MPH)
|
| Bottom of the 3rd over - 0 runs, 1 hit, 0 errors, 0 left on base; Reno 0 - Stockton 0 |
| TOP OF THE 4TH |
|
Reno Silver Sox batting - Pitching for Stockton Ports : LHP Michael Brecht
|
|
Batting: RHB Eddie Brunson
|
0-0: Called Strike 0-1: Ball 1-1: Foul Ball, location: 2F 1-2: SINGLE (Line Drive, 9S, EV 96.3 MPH)
|
|
Batting: RHB Rod Hobbs
|
0-0: Called Strike 0-1: Fly out, F4 (Popup, 34D, EV 76.3 MPH)
|
|
Batting: LHB Victor Diaz
|
0-0: Ball 1-0: Called Strike 1-1: Fly out, F8 (Flyball, 8LXD, EV 78.1 MPH)
|
|
Batting: LHB Mike Hocutt
|
0-0: Ball 1-0: Fly out, F8 (Flyball, 8LD, EV 91.9 MPH)
|
| Top of the 4th over - 0 runs, 1 hit, 0 errors, 1 left on base; Reno 0 - Stockton 0 |
| BOTTOM OF THE 4TH |
|
Stockton Ports batting - Pitching for Reno Silver Sox : RHP Scot Ender
|
|
Batting: RHB Ramon Valdez
|
0-0: Swinging Strike 0-1: Foul Ball, location: 2F 0-2: Ball 1-2: Strikes out swinging
|
|
Batting: LHB Daniel Hoskins
|
0-0: Ground out 4-3 (Groundball, 4, EV 102.5 MPH)
|
|
Batting: RHB Pasquale Raimondo
|
0-0: Called Strike 0-1: Foul Ball, location: 2F 0-2: Foul Ball, location: 2F 0-2: TRIPLE (Line Drive, 78XD, EV 110.0 MPH)
|
|
Batting: SHB Tracy Edwards
|
0-0: Foul Ball, location: 2F 0-1: Swinging Strike 0-2: Ball 1-2: Ball 2-2: Foul Ball, location: 2F 2-2: Ball 3-2: Foul Ball, location: 2F 3-2: Ground out 4-3 (Groundball, 4, EV 90.0 MPH)
|
| Bottom of the 4th over - 0 runs, 1 hit, 0 errors, 1 left on base; Reno 0 - Stockton 0 |
| TOP OF THE 5TH |
|
Reno Silver Sox batting - Pitching for Stockton Ports : LHP Michael Brecht
|
|
Batting: RHB Bill Crone
|
0-0: Ball 1-0: Called Strike 1-1: Ball 2-1: Ball 3-1: Called Strike 3-2: Base on Balls
|
|
Batting: LHB Kevin Rigby
|
0-0: Called Strike 0-1: Ball 1-1: Foul Ball, location: 2F 1-2: Grounds into double play, 6-4-3 (Groundball, 6, EV 86.3 MPH)
|
|
Batting: RHB Luis Cabanas
|
0-0: Foul Ball, location: 2F 0-1: Ball 1-1: SINGLE (Line Drive, 4D, EV 99.4 MPH)
|
|
Batting: LHB Andrew Timko
|
0-0: Ball 1-0: Fielders Choice at 2nd, U6 (Groundball, 6M, EV 78.8 MPH)
|
| Top of the 5th over - 0 runs, 1 hit, 0 errors, 1 left on base; Reno 0 - Stockton 0 |
| BOTTOM OF THE 5TH |
|
Stockton Ports batting - Pitching for Reno Silver Sox : RHP Scot Ender
|
|
Batting: RHB Johnny Salery
|
0-0: SINGLE (Flyball, 8RS, EV 95.0 MPH)
|
|
Batting: SHB Jose Mercado
|
0-0: Called Strike 0-1: Ball 1-1: Foul Ball, location: 2F 1-2: Foul Ball, location: 2F 1-2: Fielders Choice at 2nd, 5-4 (Groundball, 56, EV 80.0 MPH)
|
|
Batting: RHB Steven Roeder
|
0-0: Swinging Strike 0-1: Grounds into double play, 6-4-3 (Groundball, 6, EV 98.8 MPH)
|
| Bottom of the 5th over - 0 runs, 1 hit, 0 errors, 0 left on base; Reno 0 - Stockton 0 |
| TOP OF THE 6TH |
|
Reno Silver Sox batting - Pitching for Stockton Ports : LHP Michael Brecht
|
|
Batting: LHB Gregory Shirley
|
0-0: Swinging Strike 0-1: Ball 1-1: Foul Ball, location: 2F 1-2: Foul Ball, location: 2F 1-2: Foul Ball, location: 2F 1-2: Ball 2-2: Ball 3-2: Fly out, F7 (Flyball, 7LM, EV 95.0 MPH)
|
|
Batting: RHB Eddie Brunson
|
0-0: Called Strike 0-1: Ball 1-1: Ball 2-1: Ball 3-1: Called Strike 3-2: Base on Balls
|
|
Batting: RHB Rod Hobbs
|
0-0: Ball 1-0: Called Strike 1-1: Ball 2-1: Swinging Strike 2-2: Fly out, F9 (Flyball, 89M, EV 90.0 MPH)
|
|
Batting: LHB Victor Diaz
|
0-0: Fielders Choice at 2nd, U6 (Groundball, 6M, EV 86.9 MPH)
|
| Top of the 6th over - 0 runs, 0 hits, 0 errors, 1 left on base; Reno 0 - Stockton 0 |
| BOTTOM OF THE 6TH |
|
Stockton Ports batting - Pitching for Reno Silver Sox : RHP Scot Ender
|
|
Batting: RHB Timothy Presko
|
0-0: Called Strike 0-1: Fly out, F9 (Flyball, 9S, EV 93.1 MPH)
|
|
Batting: SHB Mike Hennessy
|
0-0: Foul Ball, location: 2F 0-1: Called Strike 0-2: Ball 1-2: Fly out, F1 (Line Drive, P, EV 63.8 MPH)
|
|
Batting: RHB Ramon Valdez
|
0-0: Called Strike 0-1: Called Strike 0-2: Foul Ball, location: 2F 0-2: Foul Ball, location: 2F 0-2: Ball 1-2: Foul Ball, location: 2F 1-2: Foul Ball, location: 2F 1-2: Fly out, F7 (Flyball, 7S, EV 86.9 MPH)
|
| Bottom of the 6th over - 0 runs, 0 hits, 0 errors, 0 left on base; Reno 0 - Stockton 0 |
| TOP OF THE 7TH |
|
Reno Silver Sox batting - Pitching for Stockton Ports : LHP Michael Brecht
|
|
Batting: LHB Mike Hocutt
|
0-0: Called Strike 0-1: Ball 1-1: Foul Ball, location: 2F 1-2: Strikes out looking
|
|
Pitching: RHP Harry Wise
|
|
|
Batting: RHB Bill Crone
|
0-0: Called Strike 0-1: Ball 1-1: Ball 2-1: Called Strike 2-2: Strikes out swinging
|
|
Batting: LHB Kevin Rigby
|
0-0: Ball 1-0: Ball 2-0: Ball 3-0: Called Strike 3-1: Base on Balls
|
|
Batting: RHB Luis Cabanas
|
0-0: Ball 1-0: Ball 2-0: Ball 3-0: Base on Balls Kevin Rigby to second
|
|
Batting: LHB Andrew Timko
|
0-0: Ball 1-0: Ball 2-0: Foul Ball, location: 2F 2-1: Ball 3-1: Base on Balls Kevin Rigby to third Luis Cabanas to second
|
|
Batting: LHB Gregory Shirley
|
0-0: Foul Ball, location: 2F 0-1: Ball 1-1: Ball 2-1: Foul Ball, location: 2F 2-2: Foul Ball, location: 2F 2-2: Ball 3-2: Foul Ball, location: 2F 3-2: Ground out 6-3 (Groundball, 56, EV 77.5 MPH)
|
| Top of the 7th over - 0 runs, 0 hits, 0 errors, 3 left on base; Reno 0 - Stockton 0 |
| BOTTOM OF THE 7TH |
|
Stockton Ports batting - Pitching for Reno Silver Sox : RHP Scot Ender
|
|
Batting: LHB Daniel Hoskins
|
0-0: Swinging Strike 0-1: Foul Ball, location: 2F 0-2: Ball 1-2: SINGLE (Groundball, 4MD, EV 100.6 MPH)
|
|
Batting: RHB Pasquale Raimondo
|
0-0: Foul Ball, location: 2F 0-1: Fly out, F8 (Flyball, 8LD, EV 96.9 MPH)
|
|
Batting: SHB Tracy Edwards
|
0-0: Called Strike 0-1: Ball 1-1: Ball 2-1: Foul Ball, location: 2F 2-2: Foul Ball, location: 2F 2-2: SINGLE (Line Drive, 8LS, EV 113.8 MPH) Daniel Hoskins to second
|
|
Batting: RHB Johnny Salery
|
0-0: Ball 1-0: Fly out, F4 (Popup, 34, EV 75.0 MPH)
|
|
Batting: SHB Jose Mercado
|
0-0: Swinging Strike 0-1: Foul Ball, location: 2F 0-2: Ball 1-2: Ball 2-2: Ball 3-2: Ground out U3 (Groundball, 3, EV 111.9 MPH)
|
| Bottom of the 7th over - 0 runs, 2 hits, 0 errors, 2 left on base; Reno 0 - Stockton 0 |
| TOP OF THE 8TH |
|
Reno Silver Sox batting - Pitching for Stockton Ports : RHP Harry Wise
|
|
Batting: RHB Eddie Brunson
|
0-0: Ball 1-0: Foul Ball, location: 2F 1-1: Foul Ball, location: 2F 1-2: Ball 2-2: Ball 3-2: Foul Ball, location: 2F 3-2: DOUBLE (Line Drive, 89M, EV 96.3 MPH)
|
|
Batting: RHB Rod Hobbs
|
0-0: Foul Ball, location: 2F 0-1: Ball 1-1: Called Strike 1-2: Ball 2-2: Foul Ball, location: 2F 2-2: Ball 3-2: Foul Ball, location: 2F 3-2: DOUBLE (Line Drive, 9LS, EV 93.8 MPH) Eddie Brunson scores
|
|
Batting: LHB Victor Diaz
|
0-0: Ball 1-0: Called Strike 1-1: Foul Ball, location: 2F 1-2: Ball 2-2: Ground out 3-1 (Groundball, 34S, EV 81.3 MPH) Rod Hobbs to third
|
|
Batting: LHB Mike Hocutt
|
0-0: Intentional Walk
|
|
Pitching: RHP Richard Cooper
|
|
|
Batting: RHB Bill Crone
|
0-0: Ball 1-0: Ball 2-0: Called Strike 2-1: Ball 3-1: Called Strike Mike Hocutt steals 2nd base 3-2: Base on Balls
|
|
Batting: LHB Kevin Rigby
|
0-0: Ball 1-0: Grounds into double play, 4-2-3 (Groundball, 4, EV 95.0 MPH)
|
| Top of the 8th over - 1 run, 2 hits, 0 errors, 2 left on base; Reno 1 - Stockton 0 |
| BOTTOM OF THE 8TH |
|
Stockton Ports batting - Pitching for Reno Silver Sox : RHP Scot Ender
|
|
Batting: RHB Steven Roeder
|
0-0: Called Strike 0-1: Fly out, F4 (Popup, 4, EV 51.9 MPH)
|
|
Batting: RHB Timothy Presko
|
0-0: Ground out 6-3 (Groundball, 6S, EV 91.9 MPH)
|
|
Batting: SHB Mike Hennessy
|
0-0: Ball 1-0: Ball 2-0: Foul Ball, location: 2F 2-1: Fly out, F8 (Line Drive, 8RD, EV 93.1 MPH)
|
| Bottom of the 8th over - 0 runs, 0 hits, 0 errors, 0 left on base; Reno 1 - Stockton 0 |
| TOP OF THE 9TH |
|
Reno Silver Sox batting - Pitching for Stockton Ports : RHP Richard Cooper
|
|
Batting: RHB Luis Cabanas
|
0-0: Ball 1-0: Ball 2-0: Fly out, F9 (Flyball, 9LS, EV 89.4 MPH)
|
|
Batting: LHB Andrew Timko
|
0-0: Ball 1-0: Swinging Strike 1-1: SINGLE (Line Drive, 89S, EV 91.3 MPH)
|
|
Batting: LHB Gregory Shirley
|
0-0: Ball 1-0: Ball 2-0: Foul Ball, location: 2F 2-1: Foul Ball, location: 2F 2-2: Foul Ball, location: 2F 2-2: Ball 3-2: SINGLE (Flyball, 89D, EV 104.4 MPH) Andrew Timko to second
|
|
Batting: RHB Eddie Brunson
|
0-0: 3-RUN HOME RUN (Flyball, 7D, EV 102.5 MPH), Distance : 373 ft
|
|
Pitching: RHP Joseph Emery
|
|
|
Batting: RHB Rod Hobbs
|
0-0: DOUBLE (Line Drive, 89D, EV 112.5 MPH)
|
|
Batting: LHB Victor Diaz
|
0-0: Called Strike 0-1: Ground out 4-3 (Groundball, 4, EV 99.4 MPH) Rod Hobbs to third
|
|
Batting: LHB Mike Hocutt
|
0-0: Intentional Walk
|
|
Batting: RHB Bill Crone
|
0-0: Called Strike 0-1: Ball 1-1: Reached on error, E5 (Groundball, 56, EV 89.4 MPH) Rod Hobbs scores Mike Hocutt to second
|
|
Batting: LHB Kevin Rigby
|
0-0: Ball 1-0: Called Strike 1-1: Fly out, F8 (Line Drive, 8RM, EV 95.6 MPH)
|
| Top of the 9th over - 4 runs, 4 hits, 1 error, 2 left on base; Reno 5 - Stockton 0 |
| BOTTOM OF THE 9TH |
|
Stockton Ports batting - Pitching for Reno Silver Sox : RHP Scot Ender
|
|
Batting: RHB Ramon Valdez
|
0-0: Ball 1-0: SINGLE (Flyball, 7S, EV 99.4 MPH)
|
|
Batting: LHB Daniel Hoskins
|
0-0: Fly out, F7 (Flyball, 7, EV 86.3 MPH)
|
|
Batting: RHB Pasquale Raimondo
|
0-0: Grounds into double play, 4-6-3 (Groundball, 4, EV 81.9 MPH)
|
| Bottom of the 9th over - 0 runs, 1 hit, 0 errors, 0 left on base; Reno 5 - Stockton 0 |
|